 Dungeon Sprint DCSS version 0.25-b1-37-g2669288c55 (webtiles) character file.

Game seed: 10564621423209920059

11 Groucho the Sneak (level 2, -3/13 HPs)
             Began as a Spriggan Enchanter on June 6, 2020.
             Was a Believer of Dithmenos.
             Slain by an ufetubus (4 damage)
             ... while paralysed by a floating eye
             ... in the Dungeon (Sprint VII: "The Pits").
             The game lasted 00:01:25 (137 turns).

Groucho the Sneak (Spriggan Enchanter)               Turns: 137, Time: 00:01:25

Health: -3/13      AC:  2    Str:  4    XL:     2   Next: 13%
Magic:  1/7        EV:  4    Int: 16    God:    Dithmenos [**....]
Gold:   0          SH:  0    Dex: 16    Spells: 5/8 levels left

rFire    . . .     SeeInvis +   o - +2 dagger (venom)
rCold    . . .     Gourm    .   (shield restricted)
rNeg     . . .     Faith    .   b - +0 robe
rPois    .         Spirit   .   (helmet restricted)
rElec    .         Reflect  .   (no cloak)
rCorr    .         Harm     .   (gloves unavailable)
MR       .....     NoTele   +   (boots unavailable)
Stlth    ++++......             (no amulet)
HPRegen  0.04/turn              (no ring)
MPRegen  0.10/turn              (no ring)

@: paralysed, wreathed by umbra, very quick
A: very small, unfitting armour, see invisible, herbivore, speed 3, slow
metabolism 2
a: Shadow Step, Renounce Religion


You were in the Dungeon.
You worshipped Dithmenos.
Dithmenos was pleased with you.
You were not hungry.

You visited 1 branch

Inventory:

Hand Weapons
 o - a +2 dagger of venom (weapon)
Missiles
 n - 10 stones (quivered)
Armour
 b - a +0 robe (worn)
Scrolls
 j - a scroll of blinking
 k - 3 scrolls of remove curse
 l - 5 scrolls of amnesia
 m - a scroll of summoning
Potions
 c - 2 potions of invisibility
 e - a potion of curing
 f - a potion of heal wounds
 g - a potion of haste
 h - 4 potions of magic
 i - 3 potions of berserk rage
Comestibles
 d - 9 rations


   Skills:
 - Level 1.1 Short Blades
 - Level 3.0 Dodging
 * Level 6.6 Stealth
 + Level 3.7 Spellcasting
 + Level 4.4 Hexes


You had 5 spell levels left.
You knew the following spells:

 Your Spells              Type           Power        Failure   Level  Hunger
a - Corona                Hex            ###....      2%          1    None
b - Ensorcelled Hibernat  Hex/Ice        ##....       11%         2    ##.....

Your spell library contained the following spells:

 Spells                   Type           Power        Failure   Level  Hunger
 Confusing Touch          Hex            ###.....     9%          3    ###....
 Tukima's Dance           Hex            ###.....     9%          3    ###....
 Dazzling Flash           Conj/Hex       ##....       21%         3    ###....


Dungeon Overview and Level Annotations

Branches:
Dungeon (1/1)

Altars:
Ashenzari
Cheibriados
Dithmenos
Elyvilon
Fedhas
Gozag
Hepliaklqana
Kikubaaqudgha
Makhleb
Nemelex Xobeh
Okawaru
Qazlal
Ru
Sif Muna
Trog
Uskayaw
Vehumet
Wu Jian
Xom
Yredelemnul
Zin
The Shining One
Beogh
Jiyva
Lugonu


Innate Abilities, Weirdness & Mutations

You are very small and have problems with some larger weapons.
You are too small for most types of armour.
You have supernaturally acute eyesight. (SInv)
You are a herbivore.
You cover ground extremely quickly.
You need to consume almost no food.


Message History

Aiming: Ensorcelled Hibernation (safe; 11% risk of failure)
Press: ? - help, Shift-Dir - straight line, f/p - floating eye
Aim: a floating eye (lightly wounded, fully charged, umbra, chance to defeat MR: 50%)
The floating eye resists with some effort.
The ufetubus closely misses you. x2; The ufetubus barely misses you.
The ufetubus completely misses you.
Casting: Ensorcelled Hibernation (safe; 11% risk of failure)
Confirm with . or Enter, or press ? or * to list all spells.
You don't know that spell.
Unknown command.
Unknown command.
The floating eye gazes piercingly through you!
You suddenly lose the ability to move!
The floating eye's stare focuses on you.
The ufetubus barely misses you. The ufetubus hits you. The ufetubus hits you.
* * * LOW HITPOINT WARNING * * *
The ufetubus barely misses you. The ufetubus hits you.
You die...

#_______...###########++
##########'##...........
#.?|.')))'.##......#..#
##########.##..........
#.......†..†'...........
#+#####'#####......#..#.
#..#..#..##...........
#†.'..'..#####'#####+
##+####@###.......#
#.....G5.##.......#
#......a.##.......#
#####+#####...<...#
#.......# #.......#
#.......# #########


You could see a floating eye (charged), a worker ant and an ufetubus.

Vanquished Creatures
  An adder skeleton (D)
  A leopard gecko (D)
  A bat (D)
  A goblin (D)
  A hobgoblin (D)
  A frilled lizard (D)
  A rat (D)
7 creatures vanquished.

Notes
Turn   | Place    | Note
-------+----------+-------------------------------------------
     0 | D        | Groucho the Spriggan Enchanter began the quest for the Orb.
     0 | D        | Reached XP level 1. HP: 9/9 MP: 5/5
    17 | D        | Found a bloodstained altar of Trog.
    17 | D        | Found a shimmering blue altar of Sif Muna.
    17 | D        | Found a viscous altar of Jiyva.
    17 | D        | Found a hazy altar of Hepliaklqana.
    17 | D        | Found an opulent altar of Gozag.
    18 | D        | Found a glowing golden altar of the Shining One.
    18 | D        | Found a glowing silver altar of Zin.
    18 | D        | Found a basalt altar of Yredelemnul.
    18 | D        | Found a shimmering altar of Xom.
    18 | D        | Found an ornate altar of the Wu Jian Council.
    18 | D        | Found a sacrificial altar of Ru.
    18 | D        | Found a stormy altar of Qazlal.
    18 | D        | Found an iron altar of Okawaru.
    18 | D        | Found a sparkling altar of Nemelex Xobeh.
    18 | D        | Found a burning altar of Makhleb.
    18 | D        | Found a blossoming altar of Fedhas.
    18 | D        | Found a white marble altar of Elyvilon.
    18 | D        | Found a shadowy altar of Dithmenos.
    18 | D        | Found a snail-covered altar of Cheibriados.
    21 | D        | Found a corrupted altar of Lugonu.
    21 | D        | Found a radiant altar of Vehumet.
    21 | D        | Found a roughly hewn altar of Beogh.
    22 | D        | Found an ancient bone altar of Kikubaaqudgha.
    22 | D        | Found a hide-covered altar of Uskayaw.
    22 | D        | Found a shattered altar of Ashenzari.
    28 | D        | Became a worshipper of Dithmenos the Shadowed
    83 | D        | Reached skill level 5 in Stealth
   103 | D        | Reached skill level 6 in Stealth
   104 | D        | Reached * piety under Dithmenos
   111 | D        | Reached XP level 2. HP: 13/13 MP: 5/7
   119 | D        | Learned a level 2 spell: Ensorcelled Hibernation
   122 | D        | Noticed a floating eye
   126 | D        | Reached ** piety under Dithmenos
   133 | D        | Paralysed by a floating eye for 4 turns
   137 | D        | Slain by an ufetubus

Illustrated notes

Levels and vault maps discovered:
D:        pitsprint [storerooms_1, entrance_room_1, metal_vault_4, armoury_2,
          mini_pit_1, grid_room_1, main_hall_1, silver_pit, the_coven_1,
          the_vestibule_1, steel_vault_1, golden_pit, hallway_of_sentries,
          crystal_vault_4, iron_vault_1, final_vault]

Skill      XL: |  1 |
---------------+----+-----
Stealth        | 6 |  6.6
Spellcasting   | 3 |  3.7
Hexes          | 4 |  4.4
Short Blades   | |  1.1
Dodging        | |  3.0

Action                   || total
-------------------------++-------
Melee: Dagger            ||    18
 Cast: Corona            ||     1
       Ensorcelled Hiber ||     3
 Stab: Sleeping          ||     3
Armor: Robe              ||     1
Dodge: Dodged            ||    21
